 Dungeon Crawl Stone Soup version bcrawl-1.27.1d (webtiles) character file.

Game seed: 137431479146120471

518544 Banto the Cleaver (level 12, -9/86 HPs)
             Began as a Demonspawn Gladiator on July 24, 2020.
             Was a High Priest of Okawaru.
             Mangled by Urug
             ... wielding a +1 long sword of protection
              (21 damage)
             ... while paralysed by Urug
             ... on level 2 of the Lair of Beasts.
             The game lasted 00:16:42 (10642 turns).

Banto the Cleaver (Demonspawn Gladiator)           Turns: 10642, Time: 00:16:42

Health: -9/86      AC: 17    Str: 15    XL:     12   Next: 65%
Magic:  0/12       EV:  2    Int: 13    God:    Okawaru [*****.]
Gold:   556        SH:  0    Dex: 19    Spells: 11/11 levels left

rFire    x . .     SeeInvis .   a - +0 trident
rCold    + + .     Gourm    .   A - +0 buckler
rNeg     + . .     Faith    +   B - +2 ring mail {rC+}
rPois    .         Spirit   +   (helmet restricted)
rElec    +         Reflect  .   k - +1 cloak
rCorr    .         Harm     .   u - +0 pair of gloves
MR       .....                  m - +1 pair of boots
Stlth    ++........             C - amulet of faith
HPRegen  0.24/turn              g - ring of Penulemi {Ice rN+} (curse)
MPRegen  0.26/turn              J - ring of insulation

@: paralysed, agile
A: beak, iridescent scales 2, clumsy 1, powered by pain 2, wild magic 1, magic
shield, magic regeneration, MP-powered wands
a: Heroism, Finesse, Renounce Religion


You were on level 2 of the Lair of Beasts.
You worshipped Okawaru.
Okawaru was extremely pleased with you.
You were not hungry.

You visited 3 branches of the dungeon, and saw 14 of its levels.
You also visited: Sewer.

You collected 1004 gold pieces.
You spent 448 gold pieces at shops.

Inventory:

Hand Weapons
 a - a +0 trident (weapon)
 y - a +7 war axe of electrocution
Missiles
 d - 3 throwing nets {=f}
 h - 143 steel javelins (quivered)
 s - 198 poisoned tomahawks
Armour
 c - a +0 helmet
 k - a +1 cloak (worn)
 m - a +1 pair of boots (worn)
 u - a +0 pair of gloves (worn)
 A - a +0 buckler (worn)
 B - a +2 ring mail of cold resistance (worn)
Jewellery
 g - the cursed ring of Penulemi (left hand) {Ice rN+}
   (You found it on level 2 of the Dungeon)

   [ring of ice]

   It enhances your ice magic.
   It makes you vulnerable to fire.
   It protects you from cold.
   It protects you from negative energy.
   It has a curse placed upon it.
 r - an uncursed amulet of rage
 C - an amulet of faith (around neck)
 F - an uncursed amulet of regeneration
 J - a ring of insulation (right hand)
Wands
 o - a wand of flame (20)
 p - a wand of digging (2)
Scrolls
 b - 18 scrolls of remove curse
 v - 4 scrolls of teleportation
 w - 6 scrolls of fog
 x - a scroll of fear
 D - a scroll of amnesia
 E - 3 scrolls of magic mapping
 H - a scroll of immolation
 I - 3 scrolls of vulnerability
 K - a scroll of enchant weapon
 M - 2 scrolls of enchant armour
Potions
 f - a potion of cancellation
 i - 2 potions of ambrosia
 j - a potion of heal wounds {unknown}
 l - a potion of lignification {unknown}
 n - a potion of curing {unknown}
 q - a potion of brilliance
 t - 3 potions of haste
 z - 2 potions of flight
 G - 2 potions of berserk rage
 L - a potion of agility {unknown}
 N - a potion of invisibility
Comestibles
 e - 18 rations {!d}
 O - a chunk of flesh


   Skills:
 - Level 5.0 Fighting
 + Level 13.9(15.0) Axes
 - Level 10.0(13.1) Polearms
 - Level 1.7 Throwing
 - Level 5.0 Armour
 - Level 5.0 Dodging
 - Level 5.0 Shields


You had 11 spell levels left.
You didn't know any spells.
Your spell library contained the following spells:

 Spells                   Type           Power        Failure   Level  Hunger
 Apportation              Tloc           #.....       78%         1    None
 Corona                   Hex            #......      78%         1    None
 Infusion                 Chrm           #.......     78%         1    None
 Magic Dart               Conj           #...         78%         1    None
 Sandblast                Erth           #.....       78%         1    None
 Slow                     Hex            #.......     78%         1    None
 Summon Butterflies       Summ           #.......     78%         1    None
 Blink                    Tloc           N/A          89%         2    ####...
 Call Imp                 Summ           #.....       89%         2    ####...
 Shackle                  Hex            #.......     89%         2    ####...
 Confuse                  Hex            #.......     98%         3    #####..
 Conjure Flame            Conj/Fire      #.......     98%         3    #####..
 Dazzling Orbs            Conj/Hex       #......      98%         3    #####..
 False Image              Hex/Summ       #.......     98%         3    #####..
 Inner Flame              Hex/Fire       N/A          98%         3    #####..
 Mephitic Cloud           Conj/Pois/Air  #.......     98%         3    #####..
 Spider Form              Tmut/Pois      #..          98%         3    #####..
 Cause Fear               Hex            #.........   100%        4    ######.
 Petrify                  Tmut/Erth      #.........   100%        4    ######.
 Tree Form                Hex/Tmut       N/A          100%        4    ######.
 Yara's Violent Unravell  Hex/Tmut       #.........   100%        4    ######.
 Metabolic Englaciation   Hex/Ice        #.........   100%        5    #######
 Statue Form              Tmut/Erth      #........    100%        6    #######
 Dragon Form              Tmut           #......      100%        7    #######
 Mana Rupture             Conj/Hex       #.........   100%        7    #######
 Necromutation            Tmut/Necr      #.......     100%        8    #######


Dungeon Overview and Level Annotations

Branches:
Dungeon (11/12)            Temple (1/1) D:4            Lair (2/6) D:8
  Swamp: Lair:2-4    Shoals: Lair:2-4     Snake: Lair:2-4    Spider: Lair:2-4
    Orc: D:8-11      Vaults: D:11-12

Altars:
Ashenzari
Cheibriados
Dithmenos
Elyvilon
Fedhas
Gozag
Hepliaklqana
Kikubaaqudgha
Lugonu
Makhleb
Nemelex Xobeh
Okawaru
Qazlal
Ru
Sif Muna
Trog
Uskayaw
Vehumet
Wu Jian
Xom
Yredelemnul
Zin
The Shining One

Shops:
D:7 =   D:9 %

Annotations:
D:3 3 runed translucent doors, Freyura's ghost, amateur FeMA; GodsVoicemail's ghost, amateur VSSp; Maksi666's ghost, amateur HuHu; p0wl's ghost, amateur MiFi
Lair:2 Urug


Innate Abilities, Weirdness & Mutations

You are mostly covered in iridescent scales. (AC +4)
You sometimes gain power by taking damage.
When hurt, damage is shared between your health and your magic reserves.
You regenerate magic rapidly.
You have a beak for a mouth.
You are clumsy. (Dex -2)
Your spells are a little harder to cast, but a little more powerful.
You expend magic power (3 MP) to strengthen your wands.


Message History

You hit the six-headed hydra.
The six-headed hydra is almost dead.
You block the six-headed hydra's attack. x2
The six-headed hydra bites you.
* * * LOW HITPOINT WARNING * * *
The six-headed hydra bites you.
* * * LOW HITPOINT WARNING * * *
The six-headed hydra completely misses you.
You block the six-headed hydra's attack.
Attack whom?
Press: ? - help, Dir - move target cursor, f/p - six-headed hydra
Aim: a six-headed hydra (almost dead)
You puncture the six-headed hydra!
You kill the six-headed hydra!
Okawaru accepts your kill.
Urug zaps a wand.
You suddenly lose the ability to move!
Urug squints, then shrugs and mutters, "Close enough."
You feel like a meek peon again.
Urug hits you with a +1 long sword of protection!!
You die...

######## ###P.....#
####......<.##
#.#..........##
#..@..........# .
#.†o..........#
....###>............#
#..................#
#.#..#.....÷.........#
...#...............###
... ##...............#
.o #................#
###..............


You could see Urug.

Vanquished Creatures
  Snorg (D:10)
  Josephine (D:11)
  3 hydras
  2 centaur warriors
  A tengu warrior (D:10)
  A deep elf mage (D:10)
  A cyclops (D:10)
  2 ugly things (D:10)
  A manticore (D:10)
  Maurice (D:9)
  Joseph (D:8)
  5 trolls
  A hornet (D:9)
  Prince Ribbit (D:8)
  8 slime creatures
  5 blink frogs (Lair:1)
  3 hippogriffs
  A shadow (D:10)
  Eustachio (D:4)
  4 wraiths (D:11)
  2 humans (D:7)
  28 yaks
  A hungry ghost (D:9)
  2 crocodiles
  3 water moccasins
  3 orc warriors
  A porcupine (Lair:1)
  2 ice beasts (D:9)
  2 sky beasts (D:9)
  5 phantoms
  A necrophage (D:7)
  4 ogres
  2 centaurs
  3 big kobolds
  5 bullfrogs
  2 scorpions
  7 killer bees (D:10)
  4 howler monkeys
  4 crimson imps
  2 jellies
  A hound (D:9)
  2 orc priests
  4 centaur skeletons
  A bullfrog skeleton (D:9)
  4 iguanas
  3 orc wizards
  Natasha (twice) (D:4 D:5)
  7 worker ants
  3 hound skeletons
  3 worker ant zombies
  14 adders
  3 oozes (Sewer)
  2 adder zombies
  3 adder skeletons
  8 worms
  3 dart slugs
  11 leopard geckos
  18 orcs
  6 ball pythons
  4 giant cockroaches
  8 hobgoblins
  26 jackals
  6 quokkas
  16 bats
  11 frilled lizards
  6 goblins
  22 kobolds
  2 quokka zombies
  7 rats
333 creatures vanquished.

Vanquished Creatures (others)
  A plant (Lair:1)
1 creature vanquished.

Grand Total: 334 creatures vanquished

Notes
Turn   | Place    | Note
-------+----------+-------------------------------------------
     0 | D:1      | Banto the Demonspawn Gladiator began the quest for the Orb.
     0 | D:1      | Reached XP level 1. HP: 16/16 MP: 1/1
   169 | D:1      | Gained mutation: When hurt, damage is shared between your
                  | health and your magic reserves. [demonic ancestry]
   169 | D:1      | Reached XP level 2. HP: 15/22 MP: 2/2
   694 | D:1      | Gained mutation: You are partially covered in iridescent
                  | scales. (AC +2) [demonic ancestry]
   694 | D:1      | Reached XP level 3. HP: 27/27 MP: 3/3
  1258 | D:2      | Gained mutation: You sometimes gain a little power by
                  | taking damage. [demonic ancestry]
  1258 | D:2      | Reached XP level 4. HP: 32/33 MP: 4/4
  1362 | D:2      | Got a slimy iron ring
  1364 | D:2      | Identified the cursed ring of Penulemi {Ice rN+} (You found
                  | it on level 2 of the Dungeon)
  1775 | D:2      | Reached skill level 5 in Polearms
  2054 | D:3      | Found a runed translucent gate.
  2054 | D:3      | Found a runed translucent gate.
  2055 | D:3      | Noticed p0wl's ghost (amateur MiFi)
  2056 | D:3      | Found a runed translucent gate.
  2056 | D:3      | Noticed Maksi666's ghost (amateur HuHu)
  2056 | D:3      | Noticed Freyura's ghost (amateur FeMA)
  2056 | D:3      | Noticed GodsVoicemail's ghost (amateur VSSp)
  2288 | D:3      | Reached XP level 5. HP: 38/38 MP: 5/5
  2760 | D:4      | Noticed Natasha
  2819 | D:4      | Killed Natasha
  2924 | D:4      | Noticed Eustachio
  2981 | D:4      | Killed Eustachio
  2981 | D:4      | Gained mutation: You sometimes gain power by taking damage.
                  | [demonic ancestry]
  2981 | D:4      | Reached XP level 6. HP: 10/44 MP: 2/6
  3309 | D:4      | Gained mutation: You regenerate magic rapidly. [demonic
                  | ancestry]
  3309 | D:4      | Reached XP level 7. HP: 38/50 MP: 7/7
  3623 | D:4      | Found a staircase to the Ecumenical Temple.
  3694 | D:4      | Found a shadowy altar of Dithmenos.
  3712 | Temple   | Entered the Ecumenical Temple
  4005 | D:5      | Entered Level 5 of the Dungeon
  4008 | D:5      | Found a shimmering altar of Xom.
  4250 | D:5      | Reached XP level 8. HP: 56/56 MP: 8/8
  4430 | D:5      | Found a glowing drain.
  4445 | D:5      | Noticed Natasha
  4461 | D:5      | Killed Natasha
  4495 | Sewer    | Entered a sewer
  5404 | D:6      | Reached skill level 1 in Armour
  5409 | D:6      | Reached XP level 9. HP: 17/65 MP: 4/9
  5447 | D:6      | Reached skill level 10 in Polearms
  6036 | D:7      | Noticed a troll
  6046 | D:7      | Killed a troll
  6046 | D:7      | Reached skill level 1 in Axes
  6046 | D:7      | Reached skill level 1 in Shields
  6069 | D:7      | Found an iron altar of Okawaru.
  6095 | D:7      | Became a worshipper of Warmaster Okawaru
  6150 | D:7      | Found Xerea's Jewellery Shop.
  6163 | D:7      | Bought an uncursed amulet of regeneration for 448 gold
                  | pieces
  6251 | D:7      | Found a sacrificial altar of Ru.
  6397 | D:7      | Reached skill level 2 in Axes
  6704 | D:8      | Found a staircase to the Lair.
  6745 | D:8      | Reached skill level 5 in Dodging
  6754 | D:8      | Reached skill level 5 in Fighting
  6805 | D:8      | Found a shadowy altar of Dithmenos.
  6897 | D:8      | Found a sparkling altar of Nemelex Xobeh.
  6946 | D:8      | Gained mutation: Your spells are a little harder to cast,
                  | but a little more powerful. [potion of mutation]
  6946 | D:8      | Gained mutation: You have a beak for a mouth. [potion of
                  | mutation]
  6946 | D:8      | Gained mutation: Your mind is acute. (Int +2) [potion of
                  | mutation]
  6946 | D:8      | Gained mutation: Your flesh is heat resistant. (rF+)
                  | [potion of mutation]
  6955 | D:8      | Lost mutation: Your mind is acute. (Int +2) [potion of
                  | mutation]
  6955 | D:8      | Lost mutation: Your flesh is heat resistant. (rF+) [potion
                  | of mutation]
  6955 | D:8      | Gained mutation: You are clumsy. (Dex -2) [potion of
                  | mutation]
  6955 | D:8      | Gained mutation: You expend magic power (3 MP) to
                  | strengthen your wands. [potion of mutation]
  7044 | D:8      | Reached skill level 3 in Axes
  7051 | D:8      | Reached * piety under Okawaru
  7051 | D:8      | Reached XP level 10. HP: 58/74 MP: 10/10
  7149 | D:8      | Noticed Prince Ribbit
  7159 | D:8      | Reached skill level 5 in Armour
  7259 | D:8      | Killed Prince Ribbit
  7265 | D:8      | Noticed Joseph
  7278 | D:8      | Killed Joseph
  7278 | D:8      | Reached ** piety under Okawaru
  7278 | D:8      | Reached skill level 4 in Axes
  7437 | D:8      | Found a white marble altar of Elyvilon.
  7597 | D:9      | Noticed Maurice
  7609 | D:9      | Killed Maurice
  7685 | D:9      | Reached skill level 5 in Axes
  7685 | D:9      | Reached skill level 5 in Shields
  7711 | D:9      | Found Pologoh's Food Emporium.
  7801 | D:9      | Found a glowing golden altar of the Shining One.
  7821 | D:9      | Reached *** piety under Okawaru
  7821 | D:9      | Reached skill level 6 in Axes
  7944 | D:9      | Reached skill level 7 in Axes
  7952 | D:9      | Reached **** piety under Okawaru
  7952 | D:9      | Reached XP level 11. HP: 66/79 MP: 8/11
  7953 | D:9      | Reached skill level 8 in Axes
  8043 | D:9      | Found an opulent altar of Gozag.
  8044 | D:9      | Found a hide-covered altar of Uskayaw.
  8044 | D:9      | Found a shimmering blue altar of Sif Muna.
  8045 | D:9      | Found a stormy altar of Qazlal.
  8045 | D:9      | Found a snail-covered altar of Cheibriados.
  8045 | D:9      | Found a corrupted altar of Lugonu.
  8045 | D:9      | Found a bloodstained altar of Trog.
  8046 | D:9      | Found an iron altar of Okawaru.
  8237 | D:10     | Entered Level 10 of the Dungeon
  8252 | D:10     | Noticed a deep elf mage
  8269 | D:10     | Reached skill level 9 in Axes
  8338 | D:10     | Killed a deep elf mage
  8397 | D:10     | Noticed a purple ugly thing
  8402 | D:10     | Killed a purple ugly thing
  8402 | D:10     | Reached ***** piety under Okawaru
  8424 | D:10     | Noticed Snorg
  8435 | D:10     | Killed Snorg
  8435 | D:10     | Reached skill level 10 in Axes
  8475 | D:10     | Noticed a cyclops
  8480 | D:10     | Killed a cyclops
  8480 | D:10     | Received a gift from Okawaru
  8483 | D:10     | Got a blackened bardiche {god gift}
  8498 | D:10     | Found a snail-covered altar of Cheibriados.
  8498 | D:10     | Noticed a tengu warrior
  8506 | D:10     | Killed a tengu warrior
  8593 | D:10     | Reached skill level 11 in Axes
  8628 | D:10     | Noticed a green ugly thing
  8635 | D:10     | Killed a green ugly thing
  8842 | D:10     | Noticed a centaur warrior
  8854 | D:10     | Killed a centaur warrior
  9087 | D:10     | Gained mutation: You are mostly covered in iridescent
                  | scales. (AC +4) [demonic ancestry]
  9087 | D:10     | Reached XP level 12. HP: 64/86 MP: 9/12
  9144 | D:10     | Reached skill level 12 in Axes
  9330 | D:11     | Noticed Josephine
  9340 | D:11     | Killed Josephine
  9344 | D:11     | Received a gift from Okawaru
  9358 | D:11     | Got a shadowed robe {god gift}
  9379 | D:11     | Noticed a centaur warrior
  9389 | D:11     | Killed a centaur warrior
  9493 | Lair:1   | Entered Level 1 of the Lair of Beasts
  9542 | Lair:1   | Paralysed by fainting for 12 turns
  9698 | Lair:1   | Reached skill level 13 in Axes
  9770 | Lair:1   | Noticed an eight-headed hydra
  9793 | Lair:1   | Reached ****** piety under Okawaru
 10150 | Lair:1   | Killed a 15-headed hydra
 10470 | Lair:1   | Noticed a seven-headed hydra
 10476 | Lair:1   | Killed a nine-headed hydra
 10623 | Lair:2   | Noticed Urug
 10623 | Lair:2   | Noticed a six-headed hydra
 10640 | Lair:2   | Killed a six-headed hydra
 10640 | Lair:2   | Paralysed by Urug for 2 turns
 10642 | Lair:2   | Mangled by Urug

Skill      XL: |  1  2  3  4  5  6  7  8  9 10 11 12 |
---------------+-------------------------------------+-----
Polearms       | 3 4 5 6 7 9 10 | 10.0
Armour         | 2 4 5 |  5.0
Dodging        | 4 5 |  5.0
Fighting       | 3 5 |  5.0
Axes           | 3 7 11 13 | 13.9
Shields        | 3 5 |  5.0
Throwing       | |  1.7

Action                   |  1- 3 |  4- 6 |  7- 9 | 10-12 || total
-------------------------+-------+-------+-------+-------++-------
Melee: Trident           |   187 |   276 |   294 |    14 ||   771
       War axe           |       |       |   139 |   388 ||   527
       Peck              |       |       |     2 |    63 ||    65
Throw: Javelin           |       |       |     2 |     2 ||     4
Invok: Heroism           |       |       |       |     5 ||     5
       Finesse           |       |       |       |     2 ||     2
Evoke: Wand              |       |       |       |     4 ||     4
  Use: Scroll            |     2 |     4 |     8 |     3 ||    17
       Potion            |       |     1 |     3 |       ||     4
 Stab: Sleeping          |     2 |       |       |       ||     2
  Eat: Chunk             |     6 |    15 |    23 |    25 ||    69
Armor: Leather armour    |    34 |       |       |       ||    34
       Scale mail        |    37 |   131 |   172 |       ||   340
       Ring mail         |       |       |    46 |   170 ||   216
Dodge: Dodged            |    94 |   140 |   218 |   248 ||   700
Block: Buckler           |       |       |    37 |   124 ||   161
